 Dungeon Crawl Stone Soup version 0.31.0-11-ge490571c62 (webtiles) character file.

Game seed: 4070549354396406666

67 qw the Shooter (level 4, -1/25 HPs)
             Began as a Deep Elf Hunter on Feb 3, 2024.
             Incinerated by a bombardier beetle (5 damage)
             ... with a burning spray
             ... on level 3 of the Dungeon.
             The game lasted 00:00:04 (1582 turns).

qw the Shooter (Deep Elf Hunter)                    Turns: 1582, Time: 00:00:05

Health: -1/25      AC:  6    Str: 10    XL:     4   Next: 0%
Magic:  6/6        EV:  9    Int: 14    God:
Gold:   143        SH:  0    Dex: 18    Spells: 3/3 levels left

rFire   . . .        a - +0 shortbow
rCold   . . .        (shield currently unavailable)
rNeg    . . .        j - +0 scale mail
rPois   .            (no helmet)
rElec   .            c - scarf {repulsion}
rCorr   .            (no gloves)
SInv    +            (no boots)
Will    .....        (no amulet)
Stlth   +            b - ring of see invisible
HPRegen 0.24/turn    (no ring)
MPRegen 0.10/turn

%: repel missiles
@: on fire, about to teleport, glowing
A: no striking features
a: no special abilities


You were on level 3 of the Dungeon.
You visited 1 branch of the dungeon, and saw 3 of its levels.

You collected 143 gold pieces.


   Skills:
 - Level 1.5 Fighting
 + Level 7.4 Ranged Weapons
 - Level 2.4 Dodging
 - Level 1.2 Stealth


You had 3 spell levels left.
You didn't know any spells.
Your spell library was empty.

Inventory:

Hand Weapons
 a - a +0 shortbow (weapon)
Armour
 c - a scarf of repulsion (worn)
 j - a +0 scale mail (worn)
Jewellery
 b - a ring of see invisible (left hand)
Potions
 d - a potion of curing {unknown}
 f - a potion of heal wounds
 h - a potion of might {unknown}

Dungeon Overview and Level Annotations

Branches:
Dungeon (3/15)

Altars:

Shops:
D:2 :


Message History

You shoot an arrow. The arrow closely misses the ufetubus.
A jelly comes into view.
The ufetubus barely misses you.
The ufetubus hits you but does no damage.
Enter note: You shoot an arrow.
The jelly quivers.
The arrow hits the ufetubus.
You kill the ufetubus!
The ufetubus barely misses you.
The ufetubus hits you but does no damage.
The ufetubus barely misses you. The ufetubus hits you.
You shoot an arrow.
The arrow hits the ufetubus but does no damage.
The ufetubus barely misses you. The ufetubus hits you. x3
You shoot an arrow.
The arrow hits the ufetubus but does no damage.
The ufetubus closely misses you. The ufetubus misses you.
The ufetubus hits you but does no damage. x2
You shoot an arrow. The arrow hits the ufetubus!
You kill the ufetubus!
The bombardier beetle sprays incendiary fluid at you.
The burning spray hits you.
You are covered in liquid fire!
You have reached level 4!
You feel clever.
You shoot an arrow. The arrow hits the bombardier beetle!
The bombardier beetle is heavily wounded.
The liquid fire burns you!
The bombardier beetle sprays incendiary fluid at you.
The burning spray hits you.
You are even more covered in liquid fire!
You shoot an arrow.
The arrow hits the bombardier beetle but does no damage.
The bombardier beetle is heavily wounded.
The liquid fire burns you!
1582 ||| READING scroll of teleportation.
As you read the scroll of teleportation, it crumbles to dust.
You feel strangely unstable. The liquid fire burns you!
You die...

##........ .. #
...#...... .. .##
......... . .##...
#....... #. ..#.#
#...... #.# ...##
#...... .#... B..######
###.....
!..#.##J......###...)..)
#....#@# #...#.###...
#.#...# ####..........
#.....###.............
###%...##..###########
##.......# ##......#
#.<.#### #.#.. .......


You could see a bombardier beetle and a jelly.

Vanquished Creatures
  2 adders (D:2)
  2 ufetubi (D:3)
  2 ribbon worms
  An orc (D:3)
  2 ball pythons
  3 bats
  3 endoplasms (D:1)
  6 goblins
  A hobgoblin (D:2)
  2 jackals (D:1)
  A quokka (D:1)
  2 frilled lizards
  3 kobolds
  2 rats
32 creatures vanquished.

Notes
Turn   | Place    | Note
-------+----------+-------------------------------------------
     0 | D:1      | qw the Deep Elf Hunter began the quest for the Orb.
     0 | D:1      | Reached XP level 1. HP: 12/12 MP: 3/3
     0 | D:1      | 0 ||| qw: Version: 0.3-a-157-g843a77d
     0 | D:1      | 0 ||| qw: Game counter: 3599
     0 | D:1      | 0 ||| qw: Melee chars always use a shield: true
     0 | D:1      | 0 ||| qw: God list: Okawaru
     0 | D:1      | 0 ||| qw: Allow faded altars: false
     0 | D:1      | 0 ||| qw: Do Orc after clearing Dungeon:15 true
     0 | D:1      | 0 ||| qw: Do second Lair branch before Depths: true
     0 | D:1      | 0 ||| qw: Lair rune preference: random
     0 | D:1      | 0 ||| qw: Goals: Normal
     0 | D:1      | 0 ||| PLANNING D:1-11
    47 | D:1      | Reached skill level 6 in Ranged Weapons
    47 | D:1      | Reached XP level 2. HP: 16/16 MP: 4/4
   416 | D:1      | 416 ||| UPGRADING to +0 scale mail.
   426 | D:1      | 426 ||| DROPPING +0 leather armour.
   427 | D:1      | 427 ||| READING scroll labelled WUOGRY JUNIUMN.
   427 | D:1      | 427 ||| IDENTIFYING brown potion
   428 | D:1      | 428 ||| READING scroll labelled VESACR JUOPNI.
   429 | D:1      | 429 ||| READING scroll labelled CASTRA HOTE.
   434 | D:1      | 434 ||| READING scroll labelled DIHUCU XEGI.
   435 | D:1      | 435 ||| DROPPING scroll of butterflies.
   481 | D:2      | HP: 4/16 [poisoned by an adder]
   506 | D:2      | 506 ||| FLEEEEING.
   513 | D:2      | 513 ||| FLEEEEING.
   514 | D:2      | 514 ||| FLEEEEING.
   515 | D:2      | 515 ||| FLEEEEING.
   516 | D:2      | 516 ||| FLEEEEING.
   517 | D:2      | 517 ||| FLEEEEING.
   518 | D:2      | 518 ||| FLEEEEING.
   519 | D:2      | 519 ||| FLEEEEING.
   520 | D:2      | 520 ||| FLEEEEING.
   521 | D:2      | 521 ||| FLEEEEING.
   522 | D:2      | 522 ||| STAIRDANCE
   626 | D:2      | Reached XP level 3. HP: 20/20 MP: 5/5
   900 | D:2      | Reached skill level 7 in Ranged Weapons
  1048 | D:2      | Found Becamna's Book Shoppe.
  1222 | D:2      | 1222 ||| UPGRADING to scarf of repulsion.
  1227 | D:2      | 1227 ||| UPGRADING to ring of see invisible.
  1228 | D:2      | 1228 ||| READING scroll of identify.
  1228 | D:2      | 1228 ||| IDENTIFYING fizzy coppery potion
  1229 | D:2      | 1229 ||| READING scroll labelled OMARRI BESE.
  1229 | D:2      | 1229 ||| ENCHANTING +0 shortbow.
  1230 | D:2      | 1230 ||| READING scroll labelled ULOAFF IXKOE.
  1331 | D:2      | 1331 ||| READING scroll labelled XESCHY GI KEXT.
  1332 | D:2      | 1332 ||| DROPPING potion of degeneration.
  1500 | D:3      | Identified the +11 quarterstaff "Gexitt" {freeze, *Noise
                  | Will+ Str+3 Stlth+}
  1580 | D:3      | Reached XP level 4. HP: 12/25 MP: 6/6
  1581 | D:3      | HP: 4/25 [burnt (5)]
  1582 | D:3      | 1582 ||| READING scroll of teleportation.
  1582 | D:3      | Incinerated by a bombardier beetle

Levels and vault maps discovered:
D:1:      minmay_arrival_diagonal_passages, layout_rooms
D:2:      layout_basic, serial_shops, shop, hangedman_abyss_or_decor_stabs,
          chequers_mini_garden
D:3:      layout_rooms, nicolae_ashenzari_skybound,
          mainiacjoe_overflow_alcove_4, nzn_wu_jian_contemplation,
          gammafunk_ghost_icy, amcnicky_mini_corridor_feature

Skill      XL: |  1  2  3 |
---------------+----------+-----
Ranged Weapons | 6 7 |  7.4
Fighting       | |  1.5
Dodging        | |  2.4
Stealth        | |  1.2

Action                     |  1- 3 |  4- 6 || total
---------------------------+-------+-------++-------
   Fire: Shortbow          |   102 |     2 ||   104
    Use: Scroll            |     8 |     1 ||     9
 Armour: Leather armour    |     7 |       ||     7
         Scale mail        |    39 |       ||    39
  Dodge: Dodged            |    35 |       ||    35
         Repelled          |     1 |       ||     1

Table legend:
 A = Non-vault XP
 B = Vault XP
 C = Vault XP percentage of total XP
 D = Non-vault monster count
 E = Vault monster count
 F = Vault count percentage of total count
                 A         B        C        D         E       F
            +---------+---------+-------+---------+---------+-------
      Total |      97 |       0 |   0.0 |      32 |       0 |   0.0
            +---------+---------+-------+---------+---------+-------
        D:1 |      24 |       0 |   0.0 |      13 |       0 |   0.0
        D:2 |      46 |       0 |   0.0 |      12 |       0 |   0.0
        D:3 |      27 |       0 |   0.0 |       7 |       0 |   0.0
            +---------+---------+-------+---------+---------+-------
